AoeStats
← 清远华

African Clearing

510736374Analyzed
4v4 RM · 22h ago on Oct 2, 2026· 38m 9s· 8 players
Game mode
Random Map
Map size
Large (8 player)
Population
200
Speed
Normal
Resources
Standard
Victory
Conquest
Starting age
Dark Age
Ending age
Imperial Age
RankedLock teamsTeams togetherTeam positionsShared explorationLock speedFull tech treeHidden civsTurbo modeCheats
Victory
Defeat
🇨🇳 Huns · China
1687
+17
🇩🇪 Hindustanis · Germany
1670
+18
🇨🇳 Varangians · China
1666
+18
🇸🇬 Mongols · Singapore
1633
+19
🇮🇹 Varangians · Italy
1820
-22
🇨🇳 Mongols · China
1709
-18
🇨🇳 Franks · China
1680
-17
🇮🇹 Koreans · Italy
1625
-15
清远华
11:18 Feudal Age
13:41 Forging
13:41 Horse Collar
13:51 Loom
16:38 Wheelbarrow
17:51 Scale Barding Armor
22:51 Castle Age
21:56 Double-Bit Axe
23:09 Bloodlines
24:25 Light Cavalry
30:30 Fletching
31:43 Gold Mining
34:54 Ballistics
36:03 Bodkin Arrow
36:18 Husbandry
MrDJM
8:11 Loom
13:27 Feudal Age
17:17 Castle Age
15:51 Double-Bit Axe
15:46 Horse Collar
21:03 Fletching
36:31 Bodkin Arrow
Cagata Sonante
6:01 Loom
12:33 Feudal Age
14:06 Double-Bit Axe
14:51 Horse Collar
16:12 Town Watch
32:31 Castle Age
32:21 Wheelbarrow
32:29 Wheelbarrow
33:33 Heavy Plow
33:44 Bow Saw
37:19 Stone Mining
37:22 Gold Mining
小白
6:30 Loom
12:45 Feudal Age
13:16 Double-Bit Axe
14:42 Scale Barding Armor
15:46 Forging
17:56 Wheelbarrow
22:14 Castle Age
22:17 Light Cavalry
22:58 Husbandry
23:19 Chain Barding Armor
28:34 Iron Casting
30:30 Bow Saw
Backspace
11:19 Feudal Age
12:24 Loom
12:26 Double-Bit Axe
14:37 Bloodlines
19:44 Wheelbarrow
18:51 Horse Collar
24:35 Castle Age
25:04 Forging
24:45 Light Cavalry
27:04 Bow Saw
31:00 Town Watch
31:54 Scale Barding Armor
34:23 Husbandry
35:01 Chain Barding Armor
LM | Scogx
5:34 Loom
13:37 Feudal Age
14:49 Double-Bit Axe
17:40 Castle Age
16:04 Horse Collar
21:43 Sanctity
30:25 Bow Saw
32:45 Wheelbarrow
33:59 Fervor
34:53 Fletching
36:08 Bodkin Arrow
mongo
12:11 Loom
13:57 Feudal Age
15:35 Stone Mining
19:13 Castle Age
17:33 Double-Bit Axe
18:06 Bloodlines
18:56 Fletching
20:17 Bodkin Arrow
22:46 Ballistics
22:56 Gold Mining
26:47 Husbandry
28:55 Horse Collar
30:16 Wheelbarrow
31:35 Thumb Ring
34:01 Padded Archer Armor
35:09 Hand Cart
37:57 Leather Archer Armor
Arietta Fine
11:06 Loom
12:58 Feudal Age
17:10 Castle Age
21:03 Fletching
22:14 Bodkin Arrow
27:48 Double-Bit Axe
27:43 Horse Collar
27:56 Horse Collar
34:21 Husbandry
35:04 Ballistics
36:13 Padded Archer Armor
36:15 Gold Mining
37:38 Bloodlines
Connection lost

Rejoining the realm…

Still unreachable

The connection could not be restored.

Session expired

The server has moved on; the page needs a fresh start.